 Dungeon Crawl Stone Soup version 0.24-a0-115-gd155597 (webtiles) character file.

Game seed: 7733787791944162076

17 mhoghedin the Caller (level 2, 0/16 HPs)
             Began as a Kobold Summoner on Feb 17, 2019.
             Slain by a rat (2 damage)
             ... on level 2 of the Dungeon.
             The game lasted 00:02:49 (1442 turns).

mhoghedin the Caller (Kobold Summoner)              Turns: 1442, Time: 00:02:50

Health: 0/16       AC:  3    Str:  2 (5)  XL:     2   Next: 80%
Magic:  3/5        EV: 15    Int: 14 (16) God:
Gold:   52         SH:  0    Dex: 15 (18) Spells: 2/5 levels left

rFire    . . .     SeeInvis .   b - +0 short sword
rCold    . . .     Gourm    .   (shield restricted)
rNeg     . . .     Faith    .   a - +0 robe
rPois    .         Spirit   .   i - +1 hat
rElec    .         Reflect  .   (no cloak)
rCorr    .         Harm     .   (no gloves)
MR       .....                  (no boots)
Stlth    ++........             (no amulet)
HPRegen  0.05/turn              k - +3 ring of dexterity
MPRegen  0.09/turn              (no ring)

@: lethally poisoned (0 -> -12)
A: small, carnivore
a: no special abilities


You were on level 2 of the Dungeon.
You were not hungry.

You visited 1 branch of the dungeon, and saw 2 of its levels.

You collected 52 gold pieces.

Inventory:

Hand Weapons
 b - a +0 short sword (weapon)
   (You took it off a kobold on level 1 of the Dungeon)
Missiles
 d - 11 stones (quivered)
Armour
 a - a +0 robe (worn)
 i - a +1 hat (worn)
   (You found it on level 1 of the Dungeon)
Jewellery
 k - a +3 ring of dexterity (left hand)
   (You found it on level 1 of the Dungeon)
Scrolls
 e - a scroll of amnesia {unknown}
 f - a scroll of magic mapping {unknown}
 h - 2 scrolls of teleportation {unknown}
 j - a scroll of identify {unknown}
Comestibles
 c - 2 rations


   Skills:
 + Level 1.0 Fighting
 + Level 1.2 Short Blades
 - Level 2.6 Dodging
 + Level 3.1 Stealth
 - Level 2.2 Spellcasting
 - Level 4.0 Summonings


You had 2 spell levels left.
You knew the following spells:

 Your Spells              Type           Power        Failure   Level  Hunger
a - Summon Small Mammal   Summ           ##..         4%          1    #......
c - Call Imp              Summ           ##......     7%          2    ###....

Your spell library contained the following spells:

 Spells                   Type           Power        Failure   Level  Hunger
 Call Canine Familiar     Summ           ##......     13%         3    ###....
 Summon Guardian Golem    Hex/Summ       #.......     30%         3    ###....
 Summon Ice Beast         Ice/Summ       #.......     69%         4    #####..
 Summon Lightning Spire   Summ/Air       #.......     69%         4    #####..


Dungeon Overview and Level Annotations

Branches:
Dungeon (2/15)

Altars:


Innate Abilities, Weirdness & Mutations

You are small and have problems with some larger weapons.
You are carnivorous and can eat meat at any time.


Message History

No target in view!
k - a bronze ring You see here a rat corpse.
You now have 35 gold pieces (gained 10).
A ball python comes into view.
A ball python is nearby!
A ball python is nearby!
Unknown command.
The ball python hisses angrily.
You hit the ball python.
You kill the ball python!
No target in view!
No target in view!
No target in view!
No target in view!
No target in view!
No target in view!
No target in view!
No target in view!
No target in view!
No target in view!
No target in view!
No target in view!
You feel agile.
k - a +3 ring of dexterity (left hand)
Found a stone staircase leading down.
You now have 44 gold pieces (gained 9).
A goblin comes into view. It is wielding a +0 dagger.
A goblin is nearby!
The helpless goblin fails to defend itself.
You puncture the goblin!
You kill the goblin!
No target in view!
No target in view!
No target in view!
No target in view!
No target in view!
No target in view!
You now have 52 gold pieces (gained 8).
You see here a +0 club.
There is an open door here.
You open the door.
Done exploring.
Done exploring.
Done exploring.
No target in view!
(D) Dungeon
Where to? (? - help)
There is an open door here.
You see here a +0 club.
There is a stone staircase leading down here.
You climb downwards.
There is a stone staircase leading up here.
There is a stone staircase leading up here.
A goblin comes into view. It is wielding a +0 dagger of venom.
A rat comes into view.
You see here a puce potion.
You barely miss the goblin.
The goblin shouts!
The goblin hits you with a +0 dagger of venom.
You are lethally poisoned!
You take 4 damage, and have 12/16 hp.
MASSIVE DAMAGE!!
Okay, then.
Unknown command.
Unknown command.
A shadowy apparition takes form in the air.
You feel sick. The goblin closely misses you.
You take 2 damage, and have 10/16 hp.
You now have 3/5 mp.
You feel sick. The goblin completely misses you.
You take 1 damage, and have 9/16 hp.
You feel sick.
You take 1 damage, and have 8/16 hp.
You feel sick.
The rat twitches its whiskers.
The goblin hits you but does no damage.
You are more poisoned.
Your shadow imp hits the rat.
Unknown command.
You feel sick. The goblin barely misses you.
You take 1 damage, and have 7/16 hp.
A frilled lizard comes into view.
You feel sick.
You take 1 damage, and have 6/16 hp.
* * * LOW HITPOINT WARNING * * *
You feel sick.
You take 2 damage, and have 4/16 hp.
* * * LOW HITPOINT WARNING * * *
You feel sick.
There is a stone staircase leading up here.
You take 1 damage, and have 3/16 hp.
It was a potion of degeneration.
There was something very wrong with that liquid.
You feel weakened.
You feel dopey.
You feel clumsy.
* * * LOW HITPOINT WARNING * * *
You feel sick. The frilled lizard barely misses you.
The rat twitches its whiskers.
The rat bites you.
You die...

... ... #.. ##
######.# .#
.......###5###
#..55#...####
##g#.!.......
#r######.##.
#@## #l.# ##.#
#.# #.# #.#
#.# ... #..


You could see a goblin, a frilled lizard, a rat and a friendly shadow imp.

Vanquished Creatures
  A giant cockroach (D:1)
  4 goblins (D:1)
  2 kobolds (D:1)
  A ball python (D:1)
  2 bats (D:1)
  A rat (D:1)
11 creatures vanquished.

Vanquished Creatures (collateral kills)
  A leopard gecko (D:1)
  A giant cockroach (D:1)
  2 kobolds (D:1)
  3 rats (D:1)
7 creatures vanquished.

Grand Total: 18 creatures vanquished

Notes
Turn   | Place    | Note
-------+----------+-------------------------------------------
     0 | D:1      | mhoghedin the Kobold Summoner began the quest for the Orb.
     0 | D:1      | Reached XP level 1. HP: 10/10 MP: 3/3
   471 | D:1      | Reached XP level 2. HP: 14/16 MP: 5/5
   475 | D:1      | Learned a level 2 spell: Call Imp
   576 | D:1      | Reached skill level 1 in Short Blades
   589 | D:1      | Reached skill level 3 in Stealth
   663 | D:1      | HP: 3/16 [leopard gecko (3)]
  1114 | D:1      | Reached skill level 1 in Fighting
  1440 | D:2      | HP: 4/16 [poisoned by a goblin]
  1442 | D:2      | Slain by a rat

Levels and vault maps discovered:
D:1:      onia_arrival_larder, layout_basic
D:2:      layout_rooms, makhleb_blood_cavern_becter

Skill      XL: |  1  2 |
---------------+-------+-----
Short Blades   | 1 |  1.2
Stealth        | 3 |  3.1
Fighting       | 1 |  1.0
Dodging        | |  2.6
Spellcasting   | |  2.2
Summonings     | |  4.0

Action                   || total
-------------------------++-------
Melee: Unarmed           ||     8
       Short sword       ||    32
Throw: Stone             ||     1
 Cast: Summon Small Mamm ||    11
       Call Imp          ||     1
  Use: Potion            ||     1
 Stab: Sleeping          ||     6
  Eat: Chunk             ||     3
Armor: Robe              ||     2
Dodge: Dodged            ||    40

Table legend:
 A = Non-vault XP
 B = Vault XP
 C = Vault XP percentage of total XP
 D = Non-vault monster count
 E = Vault monster count
 F = Vault count percentage of total count
                 A         B        C        D         E       F
            +---------+---------+-------+---------+---------+-------
      Total |      21 |       4 |  16.0 |      14 |       4 |  22.2
            +---------+---------+-------+---------+---------+-------
        D:1 |      21 |       4 |  16.0 |      14 |       4 |  22.2
            +---------+---------+-------+---------+---------+-------

Levels and vault maps discovered:
D:1:      onia_arrival_larder, layout_basic
D:2:      layout_rooms, makhleb_blood_cavern_becter

Table legend:
 A = Turns spent in this place as a percentage of turns spent in the entire game.
 B = Non-inter-level travel turns spent in this place as a percentage of non-inter-level travel turns spent in the entire game.
 C = Inter-level travel turns spent in this place as a percentage of turns spent in this place.
 D = Turns resting spent in this place as a percentage of non-inter-level travel turns spent in this place.
 E = Turns spent auto-exploring this place as a percentage of non-inter-level travel turns spent in this place.
 F = Non-inter-level travel turns spent in this place divided by the number of levels of this place that you've seen.
                   A       B       C       D       E      F
               +-------+-------+-------+-------+-------+----------------------
         Total | 100.0 | 100.0 |   4.8 |  35.2 |  46.2 | 686.5
       Dungeon | 100.0 | 100.0 |   4.8 |  35.2 |  46.2 | 686.5
               +-------+-------+-------+-------+-------+----------------------

Table legend:
 A = Kills in this place as a percentage of kills in entire the game.
 B = Kills by you in this place as a percentage of kills by you in the entire game.
 C = Kills by friends in this place as a percentage of kills by friends in the entire game.
 D = Other kills in this place as a percentage of other kills in the entire game.
 E = Experience gained in this place as a percentage of experience gained in the entire game.
 F = Experience gained in this place divided by the number of levels of this place that you have seen.
                   A       B       C       D       E      F
               +-------+-------+-------+-------+-------+----------------------
         Total | 100.0 | 100.0 | 100.0 |   N/A | 100.0 |  12.5
       Dungeon | 100.0 | 100.0 | 100.0 |   N/A | 100.0 |  12.5
               +-------+-------+-------+-------+-------+----------------------
